 Dungeon Crawl Stone Soup version 0.29.1-15-g9cfb28693d (webtiles) character file.

Game seed: 16571143595631708003

31 GeoRichter the Poker (level 3, -2/25 HPs)
             Began as a Demonspawn Wanderer on Mar 17, 2023.
             Slain by a gnoll
             ... wielding a +1 whip of holy wrath
              (6 damage)
             ... on level 1 of the Dungeon.
             The game lasted 00:03:04 (1478 turns).

GeoRichter the Poker (Demonspawn Wanderer)          Turns: 1478, Time: 00:03:04

Health: -2/25      AC:  9    Str: 12    XL:     3   Next: 7%
Magic:  3/3        EV: 11    Int: 12    God:
Gold:   85         SH:  0    Dex: 15    Spells: 2/2 levels left

rFire   . . .      SeeInvis .   a - +2 dagger
rCold   . . .      Faith    .   (no shield)
rNeg    . . .      Spirit   .   f - +0 robe
rPois   .          Reflect  .   (no helmet)
rElec   .          Harm     .   (no cloak)
rCorr   .          Rampage  .   (no gloves)
Will    .....                   d - +0 pair of boots
Stlth   ++........              (no amulet)
HPRegen 0.08/turn               (no ring)
MPRegen 0.08/turn               (no ring)

@: brilliant, sanguine armoured
A: sanguine armour 1
a: no special abilities


You were on level 1 of the Dungeon.
You visited 1 branch of the dungeon, and saw 2 of its levels.

You collected 85 gold pieces.

Inventory:

Hand Weapons
 a - a +2 dagger (weapon)
 c - a +0 spear
 h - a +0 sling
   (You found it on level 1 of the Dungeon)
 j - a +0 bardiche
   (You found it on level 1 of the Dungeon)
Missiles
 b - 2 curare-tipped darts (quivered) {!f}
 l - 6 javelins
Armour
 d - a +0 pair of boots (worn)
 f - a +0 robe (worn)
Scrolls
 e - a scroll of fog
 g - 2 scrolls of identify {unknown}
 i - a scroll of amnesia {unknown}
 n - a scroll of magic mapping {unknown}


   Skills:
 + Level 0.3 Fighting
 - Level 1.7 Short Blades
 * Level 2.9 Polearms
 - Level 2.6 Throwing
 - Level 1.7 Armour
 - Level 2.3 Stealth


You had 2 spell levels left.
You didn't know any spells.
Your spell library was empty.

Dungeon Overview and Level Annotations

Branches:
Dungeon (2/15) Zot: 10522

Altars:


Innate Abilities, Weirdness & Mutations

When seriously injured, your blood forms armour. (AC +6)


Message History

n - a scroll labelled KEOL SEINYUPE You now have 85 gold pieces (gained 7).
A gnoll comes into view.
It is wielding a +0 spear. 2 gnolls come into view.
A gnoll is wielding a +1 whip of holy wrath.
Found a dagger.
The gnoll shouts!
The gnoll shouts!
A ball python comes into view.
There is a stone staircase leading up here.
There is a stone staircase leading up here.
You hit the gnoll. The gnoll hits you with a +0 flail.
The gnoll completely misses you.
You climb upwards.
There is a stone staircase leading down here.
The gnoll attacks as you move away! The gnoll hits you with a +0 flail!
* * * LOW HITPOINT WARNING * * *
Your blood congeals into armour.
The gnoll attacks as you move away! The gnoll hits you but does no damage.
You hit the gnoll. The gnoll hits you but does no damage.
You hit the gnoll but do no damage.
The gnoll hits you with a +1 whip of holy wrath.
* * * LOW HITPOINT WARNING * * *
You convulse.
* * * LOW HITPOINT WARNING * * *
Okay, then.
The gnoll attacks as you move away! The gnoll hits you but does no damage.
The gnoll attacks as you move away!
The gnoll hits you with a +1 whip of holy wrath.
* * * LOW HITPOINT WARNING * * *
You convulse.
* * * LOW HITPOINT WARNING * * *
The gnoll attacks as you move away!
The gnoll hits you with a +1 whip of holy wrath.
* * * LOW HITPOINT WARNING * * *
You convulse.
* * * LOW HITPOINT WARNING * * *
It was a potion of curing.
You feel better.
The gnoll hits you with a +1 whip of holy wrath.
* * * LOW HITPOINT WARNING * * *
You convulse.
* * * LOW HITPOINT WARNING * * *
The gnoll attacks as you move away! The gnoll barely misses you.
The gnoll attacks as you move away! The gnoll hits you but does no damage.
The gnoll attacks as you move away! The gnoll barely misses you.
The gnoll attacks as you move away! The gnoll barely misses you.
It was a potion of brilliance.
You feel clever all of a sudden.
The gnoll hits you with a +1 whip of holy wrath.
You die...

#.............#......###...
#......###.####........#.#.
#......# #.# ##..####.....
######.# #.# #..##....... #.....#
#.# #..##.#.....
#.....###.#####..##...#..#
#....................###..
########.....###.#####..#.####...
.......#.....# #@# #..#.###..##
.......####### #g# #..#...#..##
.......# #g#####..#........
.......# #..............###
.......#########.#..##>...#######
..........................# #...
.......#########.####....## ##.##
........########.####...#####..##
...........).....................


You could see 2 gnolls.

Vanquished Creatures
  2 dart slugs (D:1)
  3 bats
  3 giant cockroaches (D:1)
  A goblin (D:1)
  5 hobgoblins (D:1)
  2 kobolds (D:1)
  2 quokkas (D:1)
  A ball python (D:1)
  2 frilled lizards (D:1)
  4 rats (D:1)
25 creatures vanquished.

Notes
Turn   | Place    | Note
-------+----------+-------------------------------------------
     0 | D:1      | GeoRichter the Demonspawn Wanderer began the quest for the
                  | Orb.
     0 | D:1      | GeoRichter set off with the following items: a +2 dagger, 2
                  | curare-tipped darts {!f}, a +0 spear, a +0 pair of boots, a
                  | scroll of fog, a +0 robe.
     0 | D:1      | Reached XP level 1. HP: 13/13 MP: 1/1
   132 | D:1      | Reached skill level 1 in Short Blades
   232 | D:1      | Gained mutation: When seriously injured, your blood forms
                  | armour. (AC +6) [demonic ancestry]
   232 | D:1      | Reached XP level 2. HP: 9/19 MP: 2/2
  1190 | D:1      | Reached XP level 3. HP: 15/24 MP: 3/3
  1473 | D:1      | HP: 1/25 [gnoll/+1 whip of holy wrath (1)]
  1478 | D:1      | Slain by a gnoll

Illustrated notes

Levels and vault maps discovered:
D:1:      minmay_arrival_radiant_lines, layout_rooms,
          chequers_serial_rivers_small_3
D:2:      kb_forest_paths, layout_basic, nicolae_shop_vocational, uniq_terence,
          uniq_sigmund

Skill      XL: |  1 |
---------------+----+-----
Stealth        | 2 |  2.3
Short Blades   | 1 |  1.7
Fighting       | |  0.3
Polearms       | |  2.9
Throwing       | |  2.6
Armour         | |  1.7

Action                   || total
-------------------------++-------
Melee: Dagger            ||    94
  Use: Potion            ||     2
 Stab: Sleeping          ||     2
Armor: Robe              ||    41
Dodge: Dodged            ||    56
